 Dungeon Crawl Stone Soup version 0.28.0-45-g0d030f2227 (webtiles) character file.

Game seed: 10669793501155675170

35291 Fartwhistle the Destroyer (level 13, -4/80 HPs)
             Began as a Deep Elf Fire Elementalist on Apr 14, 2022.
             Was a High Priest of Vehumet.
             Slain by a skeletal warrior
             ... wielding a +2 war axe of freezing
              (6 damage)
             ... on level 10 of the Dungeon.
             The game lasted 01:44:01 (25389 turns).

Fartwhistle the Destroyer (DEFE)                   Turns: 25389, Time: 01:44:03

Health: -4/80      AC:  8    Str:  5    XL:     13   Next: 46%
Magic:  12/31      EV: 18    Int: 26    God:    Vehumet [*****.]
Gold:   1744       SH:  0    Dex: 15    Spells: 13/37 levels left

rFire   + . .      SeeInvis .   f - staff of fire
rCold   . . .      Faith    .   (no shield)
rNeg    . . .      Spirit   .   a - +2 robe {Will+}
rPois   .          Reflect  .   t - +2 helmet
rElec   .          Harm     .   (no cloak)
rCorr   +          Rampage  .   J - +0 pair of gloves
Will    ++...                   (no boots)
Stlth   ++........              x - amulet of regeneration
HPRegen 1.03/turn               I - ring of wizardry
MPRegen 0.22/turn               d - ring of resist corrosion

@: on blink cooldown
A: no striking features
a: Renounce Religion


You were on level 10 of the Dungeon.
You worshipped Vehumet.
Vehumet was extremely pleased with you.
You visited 3 branches of the dungeon, and saw 16 of its levels.
You also visited: Bailey.

You collected 2056 gold pieces.
You spent 312 gold pieces at shops.

Inventory:

Hand Weapons
 F - the +8 rapier of the Walnut {vorpal, rN+ Int+4}
   (You found it on level 3 of the Lair of Beasts)

   It inflicts extra damage upon your enemies.
   Int:       It affects your intelligence (+4).
   rN:        It protects you from negative energy.
Armour
 a - a +2 robe of willpower (worn)
 e - a +2 robe of positive energy
 t - a +2 helmet (worn)
 w - a +0 leather armour of fire resistance
 J - a +0 pair of gloves (worn)
 N - the +10 ring mail "Avog" {*Slow +Blink Will+ Regen+}
   (You found it on level 5 of the Lair of Beasts)

   +Blink:    It lets you blink.
   Regen:     It increases your rate of health regeneration.
   *Slow:     It may slow you when you take damage.
   Will:      It increases your willpower.
Magical Staves
 f - a staff of fire (weapon)
 m - a staff of death
 P - a staff of conjuration
Jewellery
 d - a ring of resist corrosion (right hand)
 q - a +6 ring of dexterity
 x - an amulet of regeneration (around neck)
 D - a +6 ring of dexterity
 I - a ring of wizardry (left hand)
 U - a ring of flight
Wands
 v - a wand of flame (8)
 y - a wand of polymorph (11)
 B - a wand of iceblast (2)
 C - a wand of charming (20)
 H - a wand of digging (4)
 K - a wand of paralysis (6)
 L - a wand of mindburst (5)
 O - a wand of acid (2)
Scrolls
 g - 4 scrolls of immolation
 i - a scroll of summoning
 j - 3 scrolls of enchant weapon
 k - 3 scrolls of fog
 n - a scroll of magic mapping {unknown}
 r - 2 scrolls of teleportation
 u - a scroll of brand weapon
 E - a scroll of enchant armour {unknown}
 G - a scroll of holy word {unknown}
 M - a scroll of vulnerability {unknown}
 Q - a scroll of silence {unknown}
 R - a scroll of fear
Potions
 b - a potion of might {unknown}
 c - 2 potions of brilliance
 h - a potion of invisibility
 l - 2 potions of resistance
 o - a potion of berserk rage
 p - 3 potions of cancellation {unknown}
 s - a potion of flight
 z - 5 potions of curing
 A - a potion of attraction {unknown}
 S - a potion of ambrosia {unknown}
 T - a potion of haste
 V - a potion of mutation {unknown}


   Skills:
 + Level 9.5 Fighting
 + Level 11.4 Dodging
 - Level 2.4 Stealth
 + Level 12.8 Spellcasting
 + Level 13.0 Conjurations
 + Level 11.4 Fire Magic
 - Level 2.7 Air Magic


You had 13 spell levels left.
You knew the following spells:

 Your Spells              Type           Power      Damage    Failure   Level
a - Foxfire               Conj/Fire      100%       2x1d9     0%          1
b - Scorch                Fire           100%       2d10      1%          2
c - Conjure Flame         Conj/Fire      88%        6-21      1%          3
d - Magic Dart            Conj           100%       1d8       0%          1
e - Flame Wave            Conj/Fire      88%        2d15      1%          4
f - Blink                 Tloc           32%        N/A       2%          2
g - Swiftness             Air            30%        N/A       1%          3
h - Iskenderun's Mystic   Conj/Tloc      50%        2d11      1%          4
i - Hailstorm             Conj/Ice       50%        3d11      1%          4

Your spell library contained the following spells:

 Spells                   Type           Power      Damage    Failure   Level
 Apportation              Tloc           32%        N/A       1%          1
 Beastly Appendage        Tmut           32%        N/A       1%          1
 Corpse Rot               Necr/Air       46%        N/A       1%          2
 Inner Flame              Hex/Fire       62%        N/A       1%          3
 Ensorcelled Hibernation  Hex/Ice        32%        N/A       2%          2
 Passwall                 Tmut/Erth      13%        N/A       2%          2
 Call Canine Familiar     Summ           16%        N/A       4%          3
 Confusing Touch          Hex            16%        N/A       4%          3
 Lesser Beckoning         Tloc           16%        N/A       4%          3
 Portal Projectile        Hex/Tloc       32%        N/A       4%          3
 Summon Lightning Spire   Summ/Air       23%        N/A       9%          4
 Yara's Violent Unravell  Hex/Tmut       8%         3d5       11%         5
 Animate Dead             Necr           8%         N/A       14%         4
 Dispel Undead            Necr           16%        3d10      14%         4
 Leda's Liquefaction      Hex/Erth       8%         N/A       14%         4
 Agony                    Necr           16%        N/A       34%         5
 Alistair's Intoxication  Tmut/Pois      10%        N/A       34%         5
 Manifold Assault         Tloc           16%        N/A       34%         5
 Death Channel            Necr           8%         N/A       88%         6
 Storm Form               Tmut/Air       11%        N/A       99%         7
 Maxwell's Capacitive Co  Air            15%        ∞         99%         8
 Enfeeble                 Hex            8%         N/A       100%        7


Dungeon Overview and Level Annotations

Branches:
Dungeon (10/15)            Temple (1/1) D:4            Lair (5/6) D:8
 Shoals (0/4) Lair:2        Snake (0/4) Lair:2       Bailey (visited)
  Slime: Lair:5-6       Orc: D:9-12

Altars:
Ashenzari
Cheibriados
Dithmenos
Elyvilon
Fedhas
Gozag
Hepliaklqana
Kikubaaqudgha
Makhleb
Nemelex Xobeh
Okawaru
Qazlal
Ru
Sif Muna
Trog
Uskayaw
Vehumet
Wu Jian
Xom
Yredelemnul
Zin
The Shining One

Shops:
D:4 :   D:6 (

Annotations:
D:3 2 transporters, XSreality's ghost, amateur MiFi
D:7 3 runed translucent doors, jacek's ghost, novice DDCA
Lair:2 Urug
Lair:5 Rupert


Message History

Confirm with . or Enter, or press ? or * to list all spells.
You feel a surge of power!
Flames lash the skeletal warrior but do no damage.
The skeletal warrior throws a stone.
The stone hits you!
Casting: Scorch (safe; 1% risk of failure)
Confirm with . or Enter, or press ? or * to list all spells.
You feel a surge of power!
The fire begins to smoulder!
The skeletal warrior is no longer more vulnerable to fire.
The skeletal warrior smothers the flame.
Casting: Conjure Flame (safe; 1% risk of failure)
Confirm with . or Enter, or press ? or * to list all spells.
You erupt in a blast of force!
The mystic blast hits the skeletal warrior!
The skeletal warrior is moderately damaged.
The skeletal warrior is knocked back by the mystic blast.
The skeletal warrior slams into the stone wall!
The skeletal warrior is moderately damaged.
Casting: Iskenderun's Mystic Blast (safe; 1% risk of failure)
Confirm with . or Enter, or press ? or * to list all spells.
You erupt in a blast of force!
The mystic blast hits the skeletal warrior but does no damage.
The skeletal warrior is moderately damaged.
The skeletal warrior hits you with a +2 war axe of freezing!!
The skeletal warrior freezes you!
* * * LOW HITPOINT WARNING * * *
Unknown command.
Casting: Iskenderun's Mystic Blast (safe; 1% risk of failure)
Confirm with . or Enter, or press ? or * to list all spells.
You don't know that spell.
Casting: Iskenderun's Mystic Blast (safe; 1% risk of failure)
Confirm with . or Enter, or press ? or * to list all spells.
Okay, then.
Casting: Iskenderun's Mystic Blast (safe; 1% risk of failure)
Confirm with . or Enter, or press ? or * to list all spells.
You blink.
An efreet comes into view.
It is wielding a +2 scimitar of flaming.
The skeletal warrior hits you with a +2 war axe of freezing!!
* * * LOW HITPOINT WARNING * * *
The skeletal warrior freezes you.
You die...

#....##.##.####..###.##..##.##..#
#....##..# ##..#.°######..####..#
#....#.####..###○#..# ##..###...
'....#.##..###(#○# z..# ##..##...
#....##..###....R# .... #####...
#....####.[###.#.# #.. #...
#)...# ###..###.# # #... #)...#
###.§#.# ####... ..)..# ###z@#
###...... .....# #### ###........
.....# ###.......... .....#
###............ ##...#
####.............. .#...#
###................. .#...#
###......<............ .#...#
###.....................
##...#####.......................


You could see a skeletal warrior and an efreet.

Vanquished Creatures
  4 hydras
  A centaur warrior (D:9)
  A catoblepas (Lair:4)
  3 two-headed ogres (D:10)
  Pikel (D:6)
  A deep elf pyromancer (D:7)
  5 elephants
  Joseph (D:8)
  2 black mambas
  5 cane toads
  A gargoyle (D:10)
  Maggie (Lair:1)
  A kobold demonologist (D:10)
  8 komodo dragons
  2 trolls (D:10)
  2 polar bears (Lair:1)
  22 blink frogs
  A meliai zombie (D:10)
  41 yaks
  A vampire (D:10)
  3 basilisks
  2 wraiths (D:9)
  4 wyverns
  2 steam dragons
  Grum (D:8)
  An acid dragon (D:10)
  14 water moccasins
  An ice beast (D:8)
  12 orc warriors
  4 black bears
  2 ogres
  3 sky beasts
  A necrophage (D:5)
  10 centaurs
  12 wolves
  A lemure (D:6)
  3 kobold brigands
  11 bullfrogs
  2 gnoll sergeants
  9 scorpions
  A water moccasin skeleton (D:6)
  9 killer bees
  3 howler monkeys (D:10)
  2 bullfrog zombies
  4 centaur zombies
  2 jellies
  3 orc priests
  2 gnoll shamans
  2 hounds
  2 iguanas
  7 hell rats (Lair:4)
  13 orc wizards
  A hound skeleton (D:5)
  3 howler monkey zombies
  12 gnolls
  12 adders
  2 howler monkey skeletons
  3 shadow imps
  2 white imps (D:8)
  3 ufetubi (D:6)
  An adder skeleton (D:4)
  2 worms (D:2)
  5 dart slugs
  45 orcs
  6 endoplasms
  7 giant cockroaches
  9 goblins
  3 hobgoblins
  10 kobolds
  3 quokkas
  12 ball pythons
  8 bats
  A frilled lizard (D:2)
  A jackal skeleton (D:4)
  4 rats
407 creatures vanquished.

Vanquished Creatures (collateral kills)
  4 foxfires (Lair:4)
4 creatures vanquished.

Vanquished Creatures (others)
  861 foxfires
  28 fungi
  52 plants
941 creatures vanquished.

Grand Total: 1352 creatures vanquished

Notes
Turn   | Place    | Note
-------+----------+-------------------------------------------
     0 | D:1      | Fartwhistle the Deep Elf Fire Elementalist began the quest
                  | for the Orb.
     0 | D:1      | Reached XP level 1. HP: 10/10 MP: 6/6
   250 | D:1      | Reached XP level 2. HP: 12/16 MP: 2/8
   911 | D:1      | Learned a level 2 spell: Scorch
   982 | D:1      | Reached XP level 3. HP: 20/20 MP: 8/10
  1195 | D:2      | Reached skill level 1 in Fighting
  1205 | D:2      | Reached skill level 2 in Conjurations
  1264 | D:2      | Learned a level 3 spell: Conjure Flame
  1693 | D:2      | Found an opulent altar of Gozag.
  1797 | D:2      | Reached XP level 4. HP: 22/25 MP: 5/11
  2508 | D:3      | Noticed a scorpion
  2514 | D:3      | Killed a scorpion
  2515 | D:3      | Reached XP level 5. HP: 30/30 MP: 4/13
  2840 | D:3      | Reached skill level 3 in Conjurations
  2858 | D:3      | Found a transporter.
  2868 | D:3      | Noticed XSreality's ghost (amateur MiFi)
  2874 | D:3      | Found a transporter.
  3014 | D:3      | Found a faded altar of an unknown god.
  3019 | D:3      | Got Plato's Tome of Shape Shifting
  3252 | D:4      | Reached XP level 6. HP: 35/35 MP: 9/15
  3315 | D:4      | Reached skill level 5 in Spellcasting
  3583 | D:4      | Reached skill level 5 in Fire Magic
  3795 | D:4      | Found a staircase to the Ecumenical Temple.
  3804 | Temple   | Entered the Ecumenical Temple
  4185 | Temple   | Became a worshipper of Vehumet
  4237 | D:4      | Reached XP level 7. HP: 40/40 MP: 7/17
  4318 | D:4      | Reached skill level 4 in Conjurations
  4367 | D:4      | Found a snail-covered altar of Cheibriados.
  4869 | D:4      | Found Veid's Book Shoppe.
  5070 | D:5      | Entered Level 5 of the Dungeon
  5505 | D:5      | Reached XP level 8. HP: 48/48 MP: 13/19
  5547 | D:5      | Reached * piety under Vehumet
  5547 | D:5      | Offered knowledge of Magic Dart by Vehumet.
  5572 | D:5      | Learned a level 1 spell: Magic Dart
  6128 | D:5      | Found a burning altar of Makhleb.
  6136 | D:5      | Reached skill level 5 in Conjurations
  6919 | D:6      | Reached skill level 6 in Conjurations
  6930 | D:6      | Learned a level 4 spell: Flame Wave
  6970 | D:6      | Reached skill level 5 in Dodging
  7097 | D:6      | Reached XP level 9. HP: 52/52 MP: 13/22
  7177 | D:4      | Bought a book of Spatial Translocations for 312 gold pieces
  7180 | D:4      | Learned a level 2 spell: Blink
  7312 | D:6      | Reached skill level 7 in Conjurations
  7415 | D:6      | Found Luokheh's Weapon Shoppe.
  7482 | D:7      | Identified a scroll of acquirement
  7482 | D:7      | Acquired 845 gold pieces
  7538 | D:7      | Found a runed translucent gate.
  7538 | D:7      | Found a runed translucent gate.
  7538 | D:7      | Found a runed translucent gate.
  7539 | D:7      | Noticed jacek's ghost (novice DDCA)
  7566 | D:6      | Reached skill level 5 in Fighting
  7988 | D:6      | Noticed Pikel
  8253 | D:6      | Killed Pikel
  8254 | D:6      | Reached skill level 8 in Conjurations
  8793 | D:6      | Offered knowledge of Static Discharge by Vehumet.
  8800 | D:7      | Reached ** piety under Vehumet
  9111 | D:7      | Reached XP level 10. HP: 60/60 MP: 14/25
  9119 | D:7      | Reached skill level 9 in Conjurations
  9909 | D:7      | Noticed a deep elf pyromancer
  9921 | D:7      | Killed a deep elf pyromancer
 10552 | D:8      | Found a flagged portal.
 10572 | Bailey   | Entered a bailey
 10914 | Bailey   | Offered knowledge of Searing Ray by Vehumet.
 11023 | Bailey   | Learned a level 3 spell: Swiftness
 11154 | D:8      | Noticed Joseph
 11417 | D:8      | Reached skill level 1 in Air Magic
 11418 | D:8      | Noticed Grum
 11663 | D:8      | Found a staircase to the Lair.
 12202 | D:8      | Killed Grum
 12203 | D:8      | Reached skill level 10 in Spellcasting
 12484 | D:8      | Reached *** piety under Vehumet
 13026 | D:8      | Killed Joseph
 13450 | D:9      | Noticed a centaur warrior
 13635 | Lair:1   | Entered Level 1 of the Lair of Beasts
 13874 | Lair:1   | Reached XP level 11. HP: 46/66 MP: 19/27
 14142 | Lair:1   | Reached skill level 10 in Conjurations
 14783 | D:8      | Offered knowledge of Iskenderun's Mystic Blast by Vehumet.
 15625 | Lair:2   | Found a staircase to the Shoals.
 15700 | Lair:2   | Noticed Urug
 16031 | Lair:2   | Noticed Maggie
 16041 | Lair:1   | Killed Maggie
 16173 | Lair:2   | Found a staircase to the Snake Pit.
 16379 | Lair:2   | Noticed a seven-headed hydra
 16385 | Lair:2   | Killed a seven-headed hydra
 16386 | Lair:2   | Reached skill level 11 in Conjurations
 16711 | Lair:1   | Learned a level 4 spell: Iskenderun's Mystic Blast
 17288 | Lair:3   | Reached **** piety under Vehumet
 17680 | Lair:3   | Noticed an eight-headed hydra
 17691 | Lair:3   | Killed an eight-headed hydra
 18076 | Lair:3   | Identified the +8 rapier of the Walnut {vorpal, rN+ Int+4}
 18286 | Lair:3   | Reached XP level 12. HP: 73/73 MP: 24/28
 18622 | Lair:4   | Offered knowledge of Fulminant Prism by Vehumet.
 19151 | Lair:4   | Reached skill level 10 in Fire Magic
 19233 | Lair:4   | Reached skill level 12 in Conjurations
 19559 | Lair:4   | Reached skill level 10 in Dodging
 19977 | Lair:5   | Reached ***** piety under Vehumet
 20149 | Lair:5   | Noticed an eight-headed hydra
 20160 | Lair:5   | Killed an eight-headed hydra
 20280 | Lair:5   | Offered knowledge of Hailstorm by Vehumet.
 20519 | Lair:5   | Identified the +10 ring mail "Avog" {*Slow +Blink Will+
                  | Regen+}
 20549 | Lair:5   | Noticed a catoblepas
 20573 | Lair:4   | Killed a catoblepas
 21056 | Lair:5   | Noticed Rupert
 21438 | Lair:5   | Learned a level 4 spell: Hailstorm
 21491 | Lair:5   | Noticed a five-headed hydra
 21506 | Lair:4   | Reached XP level 13. HP: 49/80 MP: 8/31
 23455 | D:10     | Entered Level 10 of the Dungeon
 23863 | D:10     | Got the Incunabulum of Unholy Poison
 24920 | D:10     | Reached skill level 13 in Conjurations
 25389 | D:10     | HP: 2/80 [skeletal warrior/+2 war axe of freezing (21)]
 25389 | D:10     | Slain by a skeletal warrior

Illustrated notes

Levels and vault maps discovered:
D:1:      dpeg_arrival_stone_temple_mockup, layout_basic
D:2:      minmay_inner_zag, layout_basic, basic_altar
D:3:      layout_basic, gammafunk_ghost_arena,
          shapermc_ecumenical_altar_rom_forum, minivault_25
D:4:      layout_basic, minmay_temple_entry_statues_pillars, serial_shops,
          nicolae_shop_crystal, st_stairs_9, minmay_ruined_shrine
D:5:      layout_loops_ring, makhleb_blood_cavern_becter
D:6:      layout_rooms, serial_shops, shop_coins, minmay_misc_feat_tiny,
          nzn_random_ring, uniq_pikel
D:7:      layout_loops_corners, ebering_ghost_rock_garden,
          chequers_serial_rivers_large_a, minmay_splitting_lines,
          guppyfry_early_elven_hall
D:8:      layout_loops_corners, dpeg_oklobed_lair, enter_bailey_6, uniq_grum,
          uniq_joseph
D:9:      layout_layer_cave
D:10:     minmay_the_grid_triangle_9x9_rhombus_full
          [minmay_the_grid_triangle_9x9_alien,
          minmay_the_grid_triangle_9x9_from_above,
          minmay_the_grid_triangle_9x9_wacky_v,
          minmay_the_grid_triangle_9x9_steps,
          minmay_the_grid_triangle_9x9_semitri,
          minmay_the_grid_triangle_9x9_negative_grid,
          minmay_the_grid_triangle_9x9_windchime,
          minmay_the_grid_triangle_9x9_prize_insulated], layout_irregular_city,
          minmay_misc_feat_five, grunt_ogre_cave
Temple:   mainiacjoe_temple_trianglar_array
Lair:1:   layout_concentric_octagons, grunt_megastairs_1
Lair:2:   layout_regular_city, minmay_shoals_entry_centaurs, dummy_snake_entry,
          serial_bayou_pond_c, minmay_stone_trees_small,
          infiniplex_staircase_pool_2, lemuel_fruit_tree, uniq_urug, uniq_maggie
Lair:3:   layout_layer_cave, serial_bayou_shore_b
Lair:4:   layout_roguey
Lair:5:   layout_small_grid, serial_bayou_shore_b, grunt_megastairs_4,
          lemuel_fruit_fields, uniq_rupert

Skill      XL: |  1  2  3  4  5  6  7  8  9 10 11 12 13 |
---------------+----------------------------------------+-----
Fighting       | 1 2 3 4 5 6 8 9 |  9.5
Conjurations   | 2 3 4 6 8 9 11 12 13 | 13.0
Fire Magic     | 4 5 6 7 9 10 11 | 11.4
Spellcasting   | 4 5 6 7 9 10 12 | 12.8
Dodging        | 3 5 6 8 9 10 11 | 11.4
Air Magic      | 2 |  2.7
Stealth        | |  2.4

Action                   |  1- 3 |  4- 6 |  7- 9 | 10-12 | 13-15 || total
-------------------------+-------+-------+-------+-------+-------++-------
Melee: Staff             |       |       |       |     1 |       ||     1
 Cast: Foxfire           |    75 |    54 |   113 |   265 |    50 ||   557
       Scorch            |     1 |    15 |   127 |   300 |   124 ||   567
       Conjure Flame     |       |     1 |     6 |    18 |     9 ||    34
       Magic Dart        |       |       |     1 |    29 |     1 ||    31
       Flame Wave        |       |       |     3 |    10 |       ||    13
       Blink             |       |       |       |     7 |     1 ||     8
       Iskenderun's Myst |       |       |       |    51 |    36 ||    87
       Hailstorm         |       |       |       |     1 |       ||     1
       Swiftness         |       |       |       |       |     2 ||     2
Evoke: Wand              |       |       |       |     3 |       ||     3
  Use: Scroll            |       |       |     9 |     4 |     2 ||    15
       Potion            |       |       |     4 |     2 |     1 ||     7
Armor: Robe              |     8 |     4 |    22 |    58 |    21 ||   113
Dodge: Dodged            |    24 |     7 |    81 |   226 |    45 ||   383
